AoeStats
← JaggedJimmyJay

Arabia

506038889Analyzed
1v1 RM · 22d ago on Sep 12, 2026· 51m 25s· 2 players
Game mode
Random Map
Map size
Tiny (2 player)
Population
200
Speed
Normal
Resources
Standard
Victory
Conquest
Starting age
Dark Age
Ending age
Imperial Age
RankedLock teamsTeams togetherTeam positionsShared explorationLock speedFull tech treeHidden civsTurbo modeCheats
Victory
Defeat
🇺🇸 Bulgarians · United States
1032
+15
🇩🇪 Romans · Germany
1014
-15
Bodybuilder94
6:34 Loom
9:22 Feudal Age
10:05 Man-at-Arms
14:23 Scale Mail Armor
15:16 Horse Collar
17:45 Forging
23:11 Wheelbarrow
26:50 Castle Age
25:16 Gold Mining
27:46 Chain Mail Armor
27:13 Long Swordsman
31:54 Squires
33:04 Heavy Plow
36:41 Wheelbarrow
37:58 Iron Casting
48:35 Hand Cart
49:27 Gold Shaft Mining
JaggedJimmyJay
3:45 Loom
10:25 Feudal Age
11:57 Arson
15:07 Double-Bit Axe
22:37 Castle Age
22:30 Scale Mail Armor
23:46 Town Watch
25:59 Forging
32:35 Wheelbarrow
32:00 Fletching
32:21 Forging
32:18 Scale Barding Armor
34:50 Bow Saw
39:03 Chain Barding Armor
44:38 Ballistics
45:46 Murder Holes
49:50 Imperial Age
48:26 Padded Archer Armor
48:23 Bodkin Arrow
49:42 Leather Archer Armor
50:06 Iron Casting
49:27 Gold Mining
Connection lost

Rejoining the realm…

Still unreachable

The connection could not be restored.

Session expired

The server has moved on; the page needs a fresh start.